 Dungeon Crawl Stone Soup version 0.32-a0-314-g526f7d4993 (webtiles) character file.

Game seed: 17324499855957540862

240 Sheero the Apothecary (level 6, -4/43 HPs)
             Began as a Formicid Alchemist on Feb 16, 2024.
             Slain by a gnoll bouda
             ... wielding a +0 whip
              (9 damage)
             ... on level 3 of the Dungeon.
             The game lasted 00:18:52 (2984 turns).

Sheero the Apothecary (Formicid Alchemist)          Turns: 2984, Time: 00:18:53

Health: -4/43      AC:  2    Str: 13    XL:     6   Next: 29%
Magic:  8/10       EV: 12    Int: 16    God:
Gold:   153        SH:  0    Dex: 14    Spells: 10/11 levels left

rFire   . . .        d - +0 short sword
rCold   . . .        (no shield)
rNeg    + . .        a - +0 robe
rPois   .            (helmet unavailable)
rElec   .            (no cloak)
rCorr   .            (no gloves)
SInv    +            (no boots)
Will    .....        g - amulet of faith
Stlth   ++           e - ring of positive energy
HPRegen 0.27/turn    (no ring)
MPRegen 0.12/turn

%: faith
@: weakened
A: permanent stasis, dig shafts and tunnels, antennae 3, four strong arms
a: Dig, Shaft Self


You were on level 3 of the Dungeon.
You visited 1 branch of the dungeon, and saw 3 of its levels.

You collected 153 gold pieces.

Inventory:

Hand Weapons
 c - a +0 dagger
 d - a +0 short sword (weapon)
Missiles
 p - 2 throwing nets
Armour
 a - a +0 robe (worn)
Jewellery
 e - a ring of positive energy (left hand)
 g - an amulet of faith (around neck)
Scrolls
 h - a scroll of identify
 k - a scroll of torment {unknown}
 l - a scroll of teleportation {unknown}
 n - a scroll of enchant weapon {unknown}
 o - a scroll of poison {unknown}
Potions
 b - 3 potions of magic
 f - a potion of might {unknown}
 i - a potion of cancellation {unknown}
 j - a potion of berserk rage {unknown}
 m - a potion of curing {unknown}


   Skills:
 + Level 1.3 Fighting
 + Level 1.2 Short Blades
 + Level 2.5 Dodging
 + Level 3.1 Stealth
 + Level 3.1 Spellcasting
 + Level 2.1 Conjurations
 + Level 5.9 Alchemy


You had 10 spell levels left.
You knew the following spells:

 Your Spells              Type           Power      Damage    Failure   Level
a - Sting                 Conj/Alch      60%        1d6       3%          1

Your spell library contained the following spells:

 Spells                   Type           Power      Damage    Failure   Level
 Mercury Vapours          Alch/Air       24%        N/A       9%          2
 Olgreb's Toxic Radiance  Alch           21%        N/A       16%         4
 Mephitic Cloud           Conj/Alch/Air  11%        N/A       19%         3
 Sticky Flame             Fire/Alch      12%        2d5       47%         4


Dungeon Overview and Level Annotations

Branches:
Dungeon (3/15)

Altars:
Okawaru


Innate Abilities, Weirdness & Mutations

You cannot be hasted, slowed, berserked, paralysed or teleported.
You can dig through walls and to a lower floor.
You have a pair of large antennae on your head. (SInv)
Your four strong arms can wield two-handed weapons with a shield.


Message History

You barely miss the gnoll bouda.
The gnoll bouda is severely wounded.
Your attacks no longer feel as feeble.
The gnoll bouda barely misses you.
You hit the gnoll bouda but do no damage.
The gnoll bouda is severely wounded.
The gnoll bouda hits you with a +0 whip.
You hit the gnoll bouda.
The gnoll bouda is severely wounded.
The gnoll bouda gazes fiercely through you!
You feel your attacks grow feeble. The gnoll bouda barely misses you.
You closely miss the gnoll bouda.
The gnoll bouda is severely wounded.
The gnoll bouda hits you with a +0 whip.
You hit the gnoll bouda but do no damage.
The gnoll bouda is severely wounded.
The gnoll bouda looks more healthy.
The gnoll bouda hits you with a +0 whip!
You hit the gnoll bouda but do no damage.
The gnoll bouda is severely wounded.
The gnoll bouda gazes fiercely through you!
You feel as though you will be weak longer.
The gnoll bouda hits you with a +0 whip.
* * * LOW HITPOINT WARNING * * *
You hit the gnoll bouda but do no damage.
The gnoll bouda is severely wounded.
The gnoll bouda gazes fiercely through you!
You feel as though you will be weak longer.
The gnoll bouda barely misses you.
You hit the gnoll bouda but do no damage.
The gnoll bouda is severely wounded.
The gnoll bouda hits you with a +0 whip.
* * * LOW HITPOINT WARNING * * *
You closely miss the gnoll bouda.
The gnoll bouda is severely wounded.
You barely miss the gnoll bouda.
The gnoll bouda is severely wounded.
The gnoll bouda hits you with a +0 whip!
You die...

.......).......#
##+#######)[######
#.......###'########
#.......##.........# {
#.......##.........#
#.......##.........#
##.......##.........#
#...g....##.........#
########...@....##.........#
...........!....##.........#
......(.........##.........#
..........########.........#
..........# #.........#
.......?..# #########..
..........# #########
..........# #........
..........##########....<...


You could see a gnoll bouda.

Vanquished Creatures
  A bombardier beetle (D:3)
  2 adders (D:3)
  3 gnolls (D:3)
  A dart slug (D:3)
  2 ribbon worms
  An orc (D:3)
  4 ball pythons
  8 bats
  5 endoplasms
  2 giant cockroaches (D:1)
  8 goblins
  9 hobgoblins
  8 jackals
  5 kobolds
  A quokka (D:2)
  4 frilled lizards
  26 rats
90 creatures vanquished.

Notes
Turn   | Place    | Note
-------+----------+-------------------------------------------
     0 | D:1      | Sheero the Formicid Alchemist began the quest for the Orb.
     0 | D:1      | Reached XP level 1. HP: 13/13 MP: 3/3
   105 | D:1      | Reached XP level 2. HP: 19/19 MP: 1/5
   321 | D:1      | Reached skill level 1 in Conjurations
   423 | D:1      | Reached XP level 3. HP: 24/24 MP: 4/6
   579 | D:1      | Reached skill level 5 in Alchemy
   947 | D:2      | Reached XP level 4. HP: 30/30 MP: 4/7
  1558 | D:2      | Found an iron altar of Okawaru.
  1780 | D:2      | Reached XP level 5. HP: 36/36 MP: 6/9
  1842 | D:2      | Reached skill level 1 in Fighting
  2283 | D:3      | Reached skill level 1 in Short Blades
  2371 | D:3      | Reached XP level 6. HP: 38/43 MP: 7/10
  2984 | D:3      | Slain by a gnoll bouda

Illustrated notes

Levels and vault maps discovered:
D:1:      saegor_arrival_simple_d, layout_basic, st_stairs_1
D:2:      layout_basic, basic_altar, serial_forest, infiniplex_forest_3_way,
          infiniplex_forest_lined_2, infiniplex_forest_lined_corner,
          infiniplex_forest_clump_tiny, infiniplex_forest_pool,
          infiniplex_forest_clump_long, infiniplex_forest_lined_2,
          minmay_rat_hole
D:3:      layout_basic, nicolae_hepliaklqana_monster_ancestors

Skill      XL: |  1  2  3  4  5  6 |
---------------+-------------------+-----
Conjurations   | 1 2 |  2.1
Alchemy        | 5 |  5.9
Dodging        | 2 |  2.5
Stealth        | 3 |  3.1
Fighting       | 1 |  1.3
Short Blades   | 1 |  1.2
Spellcasting   | 3 |  3.1

Action                     |  1- 3 |  4- 6 || total
---------------------------+-------+-------++-------
  Melee: Unarmed           |     6 |       ||     6
         Dagger            |    63 |       ||    63
         Punch             |     1 |       ||     1
         Short sword       |       |    98 ||    98
   Cast: Sting             |    27 |    85 ||   112
    Use: Scroll            |     1 |       ||     1
 Armour: Robe              |    41 |    63 ||   104
  Dodge: Dodged            |    33 |    67 ||   100

Table legend: (Time is in decaauts)
 A = Elapsed time spent in this place.
 B = Non-inter-level travel time spent in this place.
 C = Inter-level travel time spent in this place.
 D = Time resting spent in this place.
 E = Time spent auto-exploring this place.
 F = Levels seen in this place.
 G = Mean time per level.
                   A        B        C        D        E       F      G
               +--------+--------+--------+--------+--------+-----+--------+
         Total |   2980 |   2930 |     50 |    363 |   1716 |   3 |  993.3 |
       Dungeon |   2980 |   2930 |     50 |    363 |   1716 |   3 |  993.3 |
               +--------+--------+--------+--------+--------+-----+--------+

Top non-repeatable levels by time:
     D:2: 1234 daAuts
     D:1: 942 daAuts
     D:3: 803 daAuts
